IL
BUFFALO BISONS @ NASHVILLE SOUNDS
09/25/2045
 
TOP OF THE 1ST
Buffalo Bisons batting - Pitching for Nashville Sounds : RHP Juan Hurtado
Pitching: RHP Juan Hurtado
Batting: RHB Alex Ramos 0-0: Called Strike
0-1: Ball
1-1: Ball
2-1: Foul Ball, location: 2F
2-2: Ball
3-2: Foul Ball, location: 2F
3-2: Base on Balls
Batting: LHB Da Vo 0-0: Foul Ball, location: 2F
0-1: Foul Ball, location: 2F
0-2: Foul Ball, location: 2F
0-2: Strikes out swinging
Batting: LHB Cody Schumacher 0-0: Swinging Strike
0-1: Ball
1-1: Foul Ball, location: 2F
1-2: Fielders Choice at 2nd, 4-6 (Groundball, 4, EV 106.9 MPH)
Batting: RHB Danny Burnside 0-0: Swinging Strike
0-1: Foul Ball, location: 2F
0-2: Ball
1-2: Foul Ball, location: 2F
1-2: Ball
2-2: Fly out, F8 (Flyball, 8RS, EV 83.8 MPH)
Top of the 1st over - 0 runs, 0 hits, 0 errors, 1 left on base; Buffalo 0 - Nashville 0
BOTTOM OF THE 1ST
Nashville Sounds batting - Pitching for Buffalo Bisons : LHP Angel Contreras
Pitching: LHP Angel Contreras
Batting: RHB Jeff Garofalo 0-0: Ball
1-0: Ball
2-0: Called Strike
2-1: Foul Ball, location: 2F
2-2: SINGLE (Groundball, 4D, EV 98.1 MPH)
Batting: RHB Daniel Barger 0-0: Ball
1-0: Called Strike
1-1: Called Strike
1-2: Foul Ball, location: 2F
1-2: Foul Ball, location: 2F
1-2: Ball
2-2: Strikes out swinging
Batting: LHB Isto Mäyrä 0-0: Called Strike
Jeff Garofalo is caught stealing 2nd base 2-6
0-1: Called Strike
0-2: Ground out 4-3 (Groundball, 34, EV 83.8 MPH)
Bottom of the 1st over - 0 runs, 1 hit, 0 errors, 0 left on base; Buffalo 0 - Nashville 0
TOP OF THE 2ND
Buffalo Bisons batting - Pitching for Nashville Sounds : RHP Juan Hurtado
Batting: LHB Sadamu Noguchi 0-0: Ball
1-0: Ball
2-0: Foul Ball, location: 2F
2-1: Ball
3-1: Foul Ball, location: 2F
3-2: Fly out, F9 (Flyball, 9, EV 95.0 MPH)
Batting: RHB Kai Stoyle 0-0: Called Strike
0-1: Ball
1-1: Swinging Strike
1-2: Strikes out swinging
Batting: RHB John Creel 0-0: Swinging Strike
0-1: Ball
1-1: Called Strike
1-2: Fly out, F2 (Popup, 23F, EV 84.4 MPH)
Top of the 2nd over - 0 runs, 0 hits, 0 errors, 0 left on base; Buffalo 0 - Nashville 0
BOTTOM OF THE 2ND
Nashville Sounds batting - Pitching for Buffalo Bisons : LHP Angel Contreras
Batting: RHB Alan Oxenrider 0-0: Ground out 5-3 (Groundball, 56S, EV 80.0 MPH)
Batting: RHB Paul Healy 0-0: Called Strike
0-1: Foul Ball, location: 2F
0-2: Ball
1-2: Ball
2-2: Ball
3-2: Foul Ball, location: 2F
3-2: Strikes out swinging
Batting: SHB Gregg Whitecotton 0-0: Ball
1-0: Ball
2-0: Foul Ball, location: 2F
2-1: Foul Ball, location: 2F
2-2: Ground out 4-3 (Groundball, 34, EV 105.6 MPH)
Bottom of the 2nd over - 0 runs, 0 hits, 0 errors, 0 left on base; Buffalo 0 - Nashville 0
TOP OF THE 3RD
Buffalo Bisons batting - Pitching for Nashville Sounds : RHP Juan Hurtado
Batting: RHB Bobby Keithley 0-0: Foul Ball, location: 2F
0-1: Called Strike
0-2: Foul Ball, location: 2F
0-2: Ball
1-2: Ball
2-2: Ground out 5-3 (Groundball, 56, EV 79.4 MPH)
Batting: RHB Danny Heyer 0-0: Fly out, F7 (Flyball, 78S, EV 85.0 MPH)
Batting: RHB Alex Ramos 0-0: Ball
1-0: Ball
2-0: Called Strike
2-1: Swinging Strike
2-2: Strikes out swinging, 2-3 out at first.
Top of the 3rd over - 0 runs, 0 hits, 0 errors, 0 left on base; Buffalo 0 - Nashville 0
BOTTOM OF THE 3RD
Nashville Sounds batting - Pitching for Buffalo Bisons : LHP Angel Contreras
Batting: RHB Antonio Gomez 0-0: Foul Ball, location: 2F
0-1: Ball
1-1: Ball
2-1: Fly out, F9 (Flyball, 89XD, EV 100.0 MPH)
Batting: SHB Quincy Bradford 0-0: Ball
1-0: Swinging Strike
1-1: Ball
2-1: Swinging Strike
2-2: Foul Ball, location: 2F
2-2: Ball
3-2: Base on Balls
Batting: SHB Ian Finley Pickoff Throw to First - Error! E1
Quincy Bradford to second
0-0: Called Strike
0-1: Ball
1-1: SINGLE (Groundball, 56D, EV 109.4 MPH)
Quincy Bradford to third
Batting: RHB Jeff Garofalo 0-0: Fly out, F4 (Popup, 34, EV 72.5 MPH)
Batting: RHB Daniel Barger 0-0: Ball
1-0: Called Strike
1-1: Fly out, F4 (Popup, 34S, EV 88.8 MPH)
Bottom of the 3rd over - 0 runs, 1 hit, 1 error, 2 left on base; Buffalo 0 - Nashville 0
TOP OF THE 4TH
Buffalo Bisons batting - Pitching for Nashville Sounds : RHP Juan Hurtado
Batting: LHB Da Vo 0-0: Swinging Strike
0-1: Foul Ball, location: 2F
0-2: Ball
1-2: Foul Ball, location: 2F
1-2: Ball
2-2: Foul Ball, location: 2F
2-2: Strikes out swinging
Batting: LHB Cody Schumacher 0-0: Called Strike
0-1: Foul Ball, location: 2F
0-2: Strikes out swinging
Batting: RHB Danny Burnside 0-0: Ball
1-0: Called Strike
1-1: Ball
2-1: Ball
3-1: Called Strike
3-2: Base on Balls
Batting: LHB Sadamu Noguchi 0-0: Ball
1-0: Called Strike
1-1: Called Strike
1-2: Ball
2-2: Strikes out swinging
Top of the 4th over - 0 runs, 0 hits, 0 errors, 1 left on base; Buffalo 0 - Nashville 0
BOTTOM OF THE 4TH
Nashville Sounds batting - Pitching for Buffalo Bisons : LHP Angel Contreras
Batting: LHB Isto Mäyrä 0-0: Ball
1-0: Foul Ball, location: 2F
1-1: Ball
2-1: Swinging Strike
2-2: Foul Ball, location: 2F
2-2: Fly out, F7 (Line Drive, 7D, EV 86.9 MPH)
Batting: RHB Alan Oxenrider 0-0: Ball
1-0: Ball
2-0: Ball
3-0: Base on Balls
Batting: RHB Paul Healy 0-0: Grounds into double play, 5-4-3 (Groundball, 5, EV 86.2 MPH)
Bottom of the 4th over - 0 runs, 0 hits, 0 errors, 0 left on base; Buffalo 0 - Nashville 0
TOP OF THE 5TH
Buffalo Bisons batting - Pitching for Nashville Sounds : RHP Juan Hurtado
Batting: RHB Kai Stoyle 0-0: Ball
1-0: Ground out 5-3 (Groundball, 5, EV 108.8 MPH)
Batting: RHB John Creel 0-0: Foul Ball, location: 2F
0-1: Ball
1-1: Ground out 6-3 (Groundball, 6, EV 82.5 MPH)
Batting: RHB Bobby Keithley 0-0: Called Strike
0-1: Ground out 6-3 (Groundball, 6MD, EV 105.6 MPH)
Top of the 5th over - 0 runs, 0 hits, 0 errors, 0 left on base; Buffalo 0 - Nashville 0
BOTTOM OF THE 5TH
Nashville Sounds batting - Pitching for Buffalo Bisons : LHP Angel Contreras
Batting: SHB Gregg Whitecotton 0-0: Swinging Strike
0-1: Ball
1-1: Swinging Strike
1-2: Foul Ball, location: 2F
1-2: Foul Ball, location: 2F
1-2: Ball
2-2: Foul Ball, location: 2F
2-2: Strikes out looking
Batting: RHB Antonio Gomez 0-0: Reached on error, E3 (Groundball, 34S, EV 85.6 MPH)
Batting: SHB Quincy Bradford 0-0: Called Strike
0-1: Ball
1-1: Foul Ball, location: 2F
1-2: Strikes out looking
Batting: SHB Ian Finley 0-0: Called Strike
0-1: Ball
1-1: Swinging Strike
1-2: Strikes out swinging
Bottom of the 5th over - 0 runs, 0 hits, 1 error, 1 left on base; Buffalo 0 - Nashville 0
TOP OF THE 6TH
Buffalo Bisons batting - Pitching for Nashville Sounds : RHP Juan Hurtado
Batting: RHB Danny Heyer 0-0: Foul Ball, location: 2F
0-1: Foul Ball, location: 2F
0-2: Ball
1-2: Ball
2-2: Fly out, F8 (Flyball, 8LXD, EV 83.8 MPH)
Batting: RHB Alex Ramos 0-0: Ball
1-0: Called Strike
1-1: Ball
2-1: Swinging Strike
2-2: Ball
3-2: Foul Ball, location: 2F
3-2: SINGLE (Groundball, 5S, EV 68.1 MPH) (infield hit)
Batting: LHB Da Vo 0-0: Ball
1-0: Ball
Alex Ramos is caught stealing 2nd base 2-6
2-0: Foul Ball, location: 2F
2-1: Ball
3-1: Swinging Strike
3-2: Foul Ball, location: 2F
3-2: Strikes out looking
Top of the 6th over - 0 runs, 1 hit, 0 errors, 0 left on base; Buffalo 0 - Nashville 0
BOTTOM OF THE 6TH
Nashville Sounds batting - Pitching for Buffalo Bisons : LHP Angel Contreras
Batting: RHB Jeff Garofalo 0-0: Called Strike
0-1: Ball
1-1: SINGLE (Groundball, 56D, EV 104.4 MPH)
Batting: RHB Daniel Barger 0-0: Ball
1-0: Called Strike
1-1: Called Strike
1-2: SINGLE (Line Drive, 8RS, EV 105.0 MPH)
Jeff Garofalo to second
Batting: LHB Isto Mäyrä 0-0: Called Strike
0-1: Ball
Jeff Garofalo steals 3rd base
Daniel Barger to second
1-1: Foul Ball, location: 2F
1-2: Foul Ball, location: 2F
1-2: Ball
2-2: Foul Ball, location: 2F
2-2: Foul Ball, location: 2F
2-2: Fly out, F7 (Line Drive, 7D, EV 105.0 MPH)
Runner from 3rd tags up, SCORES, no throw by LF
Daniel Barger to third
Batting: RHB Alan Oxenrider 0-0: Ball
1-0: Swinging Strike
1-1: Ball
2-1: Foul Ball, location: 2F
2-2: Ball
3-2: Fly out, F9 (Flyball, 89D, EV 95.6 MPH)
Runner from 3rd tags up, SCORES, no throw by RF
Batting: RHB Paul Healy 0-0: Swinging Strike
0-1: Ball
1-1: Foul Ball, location: 2F
1-2: Ball
2-2: Foul Ball, location: 2F
2-2: Ball
3-2: Strikes out swinging
Bottom of the 6th over - 2 runs, 2 hits, 0 errors, 0 left on base; Buffalo 0 - Nashville 2
TOP OF THE 7TH
Buffalo Bisons batting - Pitching for Nashville Sounds : RHP Juan Hurtado
Batting: LHB Cody Schumacher 0-0: Ball
1-0: Foul Ball, location: 2F
1-1: Ball
2-1: Ball
3-1: Called Strike
3-2: Foul Ball, location: 2F
3-2: Fly out, F6 (Popup, 4M, EV 73.1 MPH)
Batting: RHB Danny Burnside 0-0: Swinging Strike
0-1: Swinging Strike
0-2: Ball
1-2: Ball
2-2: Strikes out looking
Batting: LHB Sadamu Noguchi 0-0: Ball
1-0: Foul Ball, location: 2F
1-1: Swinging Strike
1-2: Ball
2-2: Foul Ball, location: 2F
2-2: Ball
3-2: Strikes out swinging
Top of the 7th over - 0 runs, 0 hits, 0 errors, 0 left on base; Buffalo 0 - Nashville 2
BOTTOM OF THE 7TH
Nashville Sounds batting - Pitching for Buffalo Bisons : LHP Angel Contreras
Batting: SHB Gregg Whitecotton 0-0: Ball
1-0: Ball
2-0: Called Strike
2-1: SINGLE (Groundball, 6MD, EV 103.1 MPH)
Batting: RHB Antonio Gomez 0-0: Sac Bunt to 23 - play at first, batter OUT! 3-4
Gregg Whitecotton to second
Batting: SHB Quincy Bradford 0-0: Ball
1-0: Ball
2-0: Fly out, F8 (Flyball, 78M, EV 84.4 MPH)
Batting: SHB Ian Finley 0-0: Ball
1-0: Ball
2-0: Ground out 5-3 (Groundball, 5L, EV 90.0 MPH)
Bottom of the 7th over - 0 runs, 1 hit, 0 errors, 1 left on base; Buffalo 0 - Nashville 2
TOP OF THE 8TH
Buffalo Bisons batting - Pitching for Nashville Sounds : RHP Juan Hurtado
Pitching: RHP Martin Goyer
Batting: RHB Kai Stoyle 0-0: Ball
1-0: Swinging Strike
1-1: Ground out 1-3 (Groundball, 15S, EV 69.4 MPH)
Batting: RHB John Creel 0-0: Foul Ball, location: 2F
0-1: Ball
1-1: Ball
2-1: Foul Ball, location: 2F
2-2: Ground out 6-3 (Groundball, 6, EV 85.6 MPH)
Batting: RHB Bobby Keithley 0-0: Ball
1-0: Called Strike
1-1: Foul Ball, location: 2F
1-2: Ball
2-2: Ball
3-2: Fly out, F5 (Popup, 56, EV 73.1 MPH)
Top of the 8th over - 0 runs, 0 hits, 0 errors, 0 left on base; Buffalo 0 - Nashville 2
BOTTOM OF THE 8TH
Nashville Sounds batting - Pitching for Buffalo Bisons : LHP Angel Contreras
Pitching: RHP Aaron Linkous
Batting: RHB Jeff Garofalo 0-0: Foul Ball, location: 2F
0-1: Ball
1-1: Foul Ball, location: 2F
1-2: Strikes out swinging
Batting: RHB Daniel Barger 0-0: Ball
1-0: Swinging Strike
1-1: Swinging Strike
1-2: Ball
2-2: Strikes out looking
Batting: LHB Isto Mäyrä 0-0: Foul Ball, location: 2F
0-1: Ball
1-1: Ball
2-1: Ball
3-1: Base on Balls
Batting: RHB Alan Oxenrider 0-0: Ball
Isto Mäyrä steals 2nd base (no throw)
1-0: Ball
2-0: Called Strike
2-1: Foul Ball, location: 2F
2-2: Foul Ball, location: 2F
2-2: Foul Ball, location: 2F
2-2: Ball
3-2: Base on Balls
Batting: RHB Paul Healy 0-0: Called Strike
0-1: Swinging Strike
0-2: Ball
1-2: Strikes out swinging
Bottom of the 8th over - 0 runs, 0 hits, 0 errors, 2 left on base; Buffalo 0 - Nashville 2
TOP OF THE 9TH
Buffalo Bisons batting - Pitching for Nashville Sounds : RHP Martin Goyer
Batting: RHB Danny Heyer 0-0: Ball
1-0: Fly out, F8 (Line Drive, 8LD, EV 87.5 MPH)
Batting: RHB Alex Ramos 0-0: Foul Ball, location: 2F
0-1: Ball
1-1: Foul Ball, location: 2F
1-2: Ball
2-2: Foul Ball, location: 2F
2-2: Ball
3-2: Ground out U3 (Groundball, 13, EV 88.1 MPH)
Batting: LHB Da Vo 0-0: Ball
1-0: Ball
2-0: Ground out 4-3 (Groundball, 4, EV 91.2 MPH)
Top of the 9th over - 0 runs, 0 hits, 0 errors, 0 left on base; Buffalo 0 - Nashville 2
Wednesday, June 22nd , 2022 - OOTP Baseball 23.4 Build 64